 Dungeon Crawl Stone Soup version 0.32-a0-41-gec2d92a32c (webtiles) character file.

Game seed: 18124394200251211237

228 Newt the Insei (level 6, 0/41 HPs)
             Began as an Octopode Shapeshifter on Jan 25, 2024.
             Slain by a gnoll
             ... wielding a +0 halberd
             ... led by a gnoll bouda
              (15 damage)
             ... on level 4 of the Dungeon.
             The game lasted 00:02:43 (2709 turns).

Newt the Insei (Octopode Shapeshifter)              Turns: 2709, Time: 00:02:44

Health: 0/41       AC:  1    Str: 11 (13) XL:     6   Next: 2%
Magic:  6/6        EV: 13    Int: 18      God:
Gold:   244        SH:  0    Dex: 13 (14) Spells: 5/5 levels left

rFire   . .          .
                       - Unarmed
rCold   . . .        (no shield)
rNeg    . . .        (helmet currently unavailable)
rPois   .            (no amulet)
rElec   .            i - +6 ring of intelligence
rCorr   .            (no ring)
SInv    .            (no ring)
Will    .....        (no ring)
Stlth   ++           (no ring)
HPRegen 0.26/turn    (no ring)
MPRegen 0.10/turn    (no ring)
                     (no ring)

%: no passive effects
@: beast-form
A: beast (slay +2), almost no armour, amphibious, 8 rings, camouflage 1,
gelatinous body 1, (nimble swimmer 1), tentacles
a: Begin Untransformation


You were on level 4 of the Dungeon.
You were a hulking beast.
You visited 1 branch of the dungeon, and saw 4 of its levels.

You collected 244 gold pieces.

Inventory:

Jewellery
 i - a +6 ring of intelligence (left tentacle)
Talismans
 b - a beast talisman
 c - a flux talisman
Wands
 f - a wand of iceblast (6)
Scrolls
 j - a scroll of amnesia
 l - a scroll of fear
Potions
 a - a potion of lignification
 d - 2 potions of degeneration
 g - a potion of mutation
 h - a potion of might


   Skills:
 + Level 2.5 Fighting
 - Level 2.0 Dodging
 * Level 4.7 Unarmed Combat
 * Level 4.4 Shapeshifting


You had 5 spell levels left.
You didn't know any spells.
Your spell library contained the following spells:

 Spells                   Type           Power      Damage    Failure   Level
 Call Canine Familiar     Summ           0%         N/A       54%         3
 Fugue of the Fallen      Necr           0%         N/A       54%         3
 Ozocubu's Armour         Ice            0%         N/A       54%         3
 Sigil of Binding         Hex            0%         N/A       54%         3
 Dimensional Bullseye     Hex/Tloc       0%         N/A       91%         4
 Manifold Assault         Tloc           0%         N/A       91%         4


Dungeon Overview and Level Annotations

Branches:
Dungeon (4/15)
 Temple: D:4-7

Altars:
Hepliaklqana
Makhleb
Okawaru

Shops:
D:1 *


Innate Abilities, Weirdness & Mutations

You are a hulking beast.
Your limbs bulge with bestial killing power. (Slay +2)
You cannot wear most types of armour.
You are amphibious.
You can wear up to eight rings at the same time.
Your skin changes colour to match your surroundings (Stealth+).
Your rubbery body absorbs attacks. (AC +1, EV +1)
((You are camouflaged when in or above water. (Stealth+)))
You have tentacles for arms and can constrict up to eight enemies at once.


Message History

You tentacle-slap the gnoll bouda, but do no damage.
The gnoll bouda is severely wounded.
You constrict the gnoll bouda. The gnoll bouda misses you.
You tentacle-slap the gnoll bouda.
You kill the gnoll bouda!
The gnoll hits you with a +0 club!
You are too injured to fight recklessly!
You are too injured to fight recklessly!
You are too injured to fight recklessly!
Unknown command.
You closely miss the gnoll. You grab the gnoll.
You tentacle-slap the gnoll, but do no damage.
You squeeze the gnoll.
The gnoll is moderately wounded.
You constrict the gnoll. You tentacle-slap the gnoll. x2
You kill the gnoll!
The gnoll closely misses you.
You barely miss the gnoll. Your grab misses the gnoll.
The gnoll completely misses you. The gnoll closely misses you.
You tentacle-slap the gnoll. You grab the gnoll.
The gnoll is lightly wounded.
You constrict the gnoll.
The gnoll hits you from afar with a +0 halberd.
You tentacle-slap the gnoll. You squeeze the gnoll!
The gnoll is almost dead.
You constrict the gnoll, but do no damage.
The gnoll hits you with a +0 whip.
* * * LOW HITPOINT WARNING * * *
The gnoll barely misses you.
Unknown command.
You tentacle-slap the gnoll.
You kill the gnoll!
Your attacks no longer feel as feeble.
The gnoll misses you.
You feel your intelligence returning.
You have reached level 6!
You feel better.
The gnoll hits you from afar with a +0 halberd!
You die...

#.#...#.# #...
#.#...#.# #...
#.#...#.# #...
######.#...#.#
#...
...##.##.##.#
#...
####.##.##.##.#
#...
#.......##....#
#..#.##########
# #h# #)# #g#
#.# ..# ###


You could see a gnoll (swift).

Vanquished Creatures
  A gnoll bouda (D:4)
  7 gnolls (D:4)
  4 adders
  A dart slug (D:3)
  2 ribbon worms (D:2)
  11 orcs (D:3)
  A bat (D:3)
  5 endoplasms
  A giant cockroach (D:3)
  6 goblins
  6 hobgoblins
  8 jackals
  5 quokkas
  8 ball pythons
  4 frilled lizards
  5 kobolds
  8 rats
83 creatures vanquished.

Notes
Turn   | Place    | Note
-------+----------+-------------------------------------------
     0 | D:1      | Newt the Octopode Shapeshifter began the quest for the Orb.
     0 | D:1      | Reached XP level 1. HP: 13/13 MP: 1/1
    48 | D:1      | Found Nugun's General Store.
    90 | D:1      | Reached XP level 2. HP: 11/18 MP: 2/2
   405 | D:1      | Found a faded altar of an unknown god.
   428 | D:1      | Reached XP level 3. HP: 22/23 MP: 3/3
   713 | D:2      | Reached XP level 4. HP: 19/29 MP: 4/4
  1088 | D:2      | Found a burning altar of Makhleb.
  1585 | D:3      | Found a hazy altar of Hepliaklqana.
  2021 | D:3      | Found an iron altar of Okawaru.
  2369 | D:3      | Reached XP level 5. HP: 28/34 MP: 5/5
  2709 | D:4      | Reached XP level 6. HP: 9/41 MP: 6/6
  2709 | D:4      | Slain by a gnoll

Illustrated notes

Levels and vault maps discovered:
D:1:      dpeg_arrival_tiny_a, layout_rooms,
          hellmonk_ecumenical_altar_leap_of_faith, serial_shops,
          nicolae_shop_tiny_glass, hangedman_decor_riveting, minmay_heptomino_w4
D:2:      layout_loops_ring, basic_altar, grunt_ministairs_14,
          minmay_small_reverse_x
D:3:      layout_loops_ring, old_standard_altar,
          mainiacjoe_overflow_tiny_flanked, chequers_serial_rivers_micro_c
D:4:      layout_basic, nicolae_overflow_two_pavilions, lemuel_crystal_altar,
          mainiacjoe_overflow_24_doors, minmay_temple_entry_grid

Skill      XL: |  1  2  3  4 |
---------------+-------------+-----
Fighting       | 2 |  2.5
Unarmed Combat | 4 |  4.7
Shapeshifting  | 4 |  4.4
Dodging        | |  2.0

Action                     |  1- 3 |  4- 6 || total
---------------------------+-------+-------++-------
  Melee: Unarmed           |    62 |    85 ||   147
         Constrict         |    16 |    30 ||    46
         Tentacles         |    12 |    23 ||    35
         Punch             |     2 |     7 ||     9
    Use: Scroll            |     3 |     4 ||     7
         Potion            |     1 |     2 ||     3
   Stab: Sleeping          |     6 |     1 ||     7
 Armour: Skin              |    17 |    40 ||    57
  Dodge: Dodged            |    34 |    46 ||    80

Table legend: (Time is in decaauts)
 A = Elapsed time spent in this place.
 B = Non-inter-level travel time spent in this place.
 C = Inter-level travel time spent in this place.
 D = Time resting spent in this place.
 E = Time spent auto-exploring this place.
 F = Levels seen in this place.
 G = Mean time per level.
                   A        B        C        D        E       F      G
               +--------+--------+--------+--------+--------+-----+--------+
         Total |   2697 |   2614 |     83 |    579 |   1635 |   4 |  674.2 |
       Dungeon |   2697 |   2614 |     83 |    579 |   1635 |   4 |  674.2 |
               +--------+--------+--------+--------+--------+-----+--------+

Top non-repeatable levels by time:
     D:3: 1106 daAuts
     D:2: 776 daAuts
     D:1: 632 daAuts
     D:4: 181 daAuts
